 Dungeon Crawl Stone Soup version 0.28-a0-1632-g283549b12f (webtiles) character file.

Game seed: 10409861929064016449

119 Essalna the Digger (level 4, 0/30 HPs)
             Began as a Demonspawn Earth Elementalist on Jan 25, 2022.
             Slain by a kobold brigand (6 damage)
             ... on level 3 of the Dungeon.
             The game lasted 00:05:43 (2911 turns).

Essalna the Digger (Demonspawn Earth Elementalist)  Turns: 2911, Time: 00:05:43

Health: 0/30       AC:  2    Str:  9    XL:     4   Next: 74%
Magic:  2/8        EV: 12    Int: 18    God:
Gold:   95         SH:  0    Dex: 13    Spells: 5/9 levels left

rFire   . . .      SeeInvis .   m - +2 spear (flame)
rCold   . . .      Faith    .   (no shield)
rNeg    . . .      Spirit   .   b - +0 robe
rPois   .          Reflect  .   (no helmet)
rElec   .          Harm     .   (no cloak)
rCorr   .          Rampage  .   (no gloves)
Will    .....                   (no boots)
Stlth   ++........              (no amulet)
HPRegen 0.10/turn               (no ring)
MPRegen 0.11/turn               (no ring)

@: lethally poisoned (0 -> -12)
A: powered by pain 2
a: no special abilities


You were on level 3 of the Dungeon.
You visited 1 branch of the dungeon, and saw 3 of its levels.

You collected 95 gold pieces.

Inventory:

Hand Weapons
 f - a +0 whip
 l - a +1 long sword of freezing
 m - a +2 spear of flaming (weapon)
Armour
 b - a +0 robe (worn)
Magical Staves
 h - a staff of death
Scrolls
 a - a scroll of brand weapon {unknown}
 d - a scroll of teleportation {unknown}
 j - a scroll of summoning {unknown}
 k - a scroll of amnesia {unknown}
 o - 2 scrolls of identify {unknown}
Potions
 e - a potion of cancellation {unknown}
 g - a potion of attraction {unknown}
 i - 2 potions of lignification {unknown}
 n - 2 potions of magic {unknown}


   Skills:
 - Level 1.7 Dodging
 - Level 1.7 Stealth
 + Level 3.3 Spellcasting
 + Level 1.5 Conjurations
 - Level 0.8 Transmutations
 + Level 3.8 Earth Magic


You had 5 spell levels left.
You knew the following spells:

 Your Spells              Type           Power      Damage    Failure   Level
a - Sandblast             Erth           32%        2d9       3%          1
b - Stone Arrow           Conj/Erth      24%        3d8       16%         3

Your spell library contained the following spells:

 Spells                   Type           Power      Damage    Failure   Level
 Passwall                 Tmut/Erth      9%         N/A       9%          2
 Petrify                  Tmut/Erth      11%        N/A       52%         4


Dungeon Overview and Level Annotations

Branches:
Dungeon (3/15)

Altars:


Innate Abilities, Weirdness & Mutations

You sometimes gain power by taking damage.


Message History

You don't have any stones to cast with.
You don't have any stones to cast with.
You don't have any stones to cast with.
You don't have any stones to cast with.
Casting: Sandblast (safe; 3% risk of failure)
Confirm with . or Enter, or press ? or * to list all spells.
You don't have any stones to cast with.
Unknown command.
Casting: Sandblast (safe; 3% risk of failure)
Confirm with . or Enter, or press ? or * to list all spells.
You don't have any stones to cast with.
Unknown command.
You feel very sick.
Casting: Sandblast (safe; 3% risk of failure)
Confirm with . or Enter, or press ? or * to list all spells.
You don't have any stones to cast with.
Unknown command.
Casting: Sandblast (safe; 3% risk of failure)
Confirm with . or Enter, or press ? or * to list all spells.
The spell is quite dangerous to miscast (16% risk of failure)!
Continue anyway?
Aiming: Stone Arrow (quite dangerous; 16% risk of failure)
Press: ? - help, Shift-Dir - straight line, f - kobold brigand
Aim: a kobold brigand, wielding a +0 short sword and quivering poisoned darts (60% to hit)
The stone arrow hits the kobold brigand!
The kobold brigand is moderately wounded.
You feel very sick.
The kobold brigand hits you with a +0 short sword.
* * * LOW HITPOINT WARNING * * *
Casting: Stone Arrow (quite dangerous; 16% risk of failure)
Confirm with . or Enter, or press ? or * to list all spells.
The spell is quite dangerous to miscast (16% risk of failure)!
Continue anyway?
Aiming: Stone Arrow (quite dangerous; 16% risk of failure)
Press: ? - help, Shift-Dir - straight line, f/p - kobold brigand
Aim: a kobold brigand, wielding a +0 short sword and quivering poisoned darts (moderately wounded, 60% to hit)
The stone arrow hits the kobold brigand!
The kobold brigand is almost dead.
* * * LOW HITPOINT WARNING * * *
You feel very sick.
The kobold brigand hits you with a +0 short sword.
You die...

##.## #............# #.#
#.#####.###..# #.#
#.......## #.#
#.......... #.#
#.####.###. #.# # #.# #
#.# #.####.####.# #.#
#...........#
#.######?.K@..######
#.##...?.......#
#.##.###.#####.# #.##.#
# #.# #.##.# #.#
#.##.###.#####.#####
#.#...##........<..#####
#.......................
###...########.#########


You could see a kobold brigand.

Vanquished Creatures
  2 adders (D:2)
  4 gnolls (D:2)
  5 worms
  3 orcs (D:3)
  3 ball pythons
  2 endoplasms (D:3)
  2 giant cockroaches
  2 hobgoblins
  12 kobolds
  3 quokkas
  4 bats
  4 goblins (D:2)
  2 rats
48 creatures vanquished.

Notes
Turn   | Place    | Note
-------+----------+-------------------------------------------
     0 | D:1      | Essalna the Demonspawn Earth Elementalist began the quest
                  | for the Orb.
     0 | D:1      | Reached XP level 1. HP: 13/13 MP: 3/3
   796 | D:2      | Gained mutation: You sometimes gain a little power by
                  | taking damage. [demonic ancestry]
   796 | D:2      | Reached XP level 2. HP: 19/19 MP: 0/5
  1155 | D:3      | Gained mutation: You sometimes gain power by taking damage.
                  | [demonic ancestry]
  1155 | D:3      | Reached XP level 3. HP: 17/24 MP: 4/7
  1400 | D:3      | Learned a level 3 spell: Stone Arrow
  1555 | D:3      | Noticed a kobold brigand
  1800 | D:2      | Reached XP level 4. HP: 26/30 MP: 5/8
  1828 | D:2      | Reached skill level 1 in Conjurations
  1924 | D:2      | Found a faded altar of an unknown god.
  2911 | D:3      | Slain by a kobold brigand

Illustrated notes

Levels and vault maps discovered:
D:1:      ebering_trefoil_3fold, layout_basic, serial_bayou_lagoon_a,
          serial_bayou_pond_c
D:2:      layout_basic, shapermc_ecumenical_altar_pompeii
D:3:      layout_loops_ring, minmay_quantized

Skill      XL: |  1  2  3  4 |
---------------+-------------+-----
Earth Magic    | 3 |  3.8
Spellcasting   | 3 |  3.3
Conjurations   | 1 |  1.5
Dodging        | |  1.7
Stealth        | |  1.7
Transmutations | |  0.8

Action                   |  1- 3 |  4- 6 || total
-------------------------+-------+-------++-------
Melee: Whip              |    42 |       ||    42
       Punch             |     1 |     1 ||     2
       Spear             |       |    31 ||    31
 Cast: Sandblast         |    48 |    14 ||    62
       Stone Arrow       |       |     2 ||     2
 Stab: Sleeping          |     1 |     1 ||     2
Armor: Robe              |    12 |     3 ||    15
Dodge: Dodged            |    32 |    13 ||    45

Table legend: (Time is in decaauts)
 A = Elapsed time spent in this place.
 B = Non-inter-level travel time spent in this place.
 C = Inter-level travel time spent in this place.
 D = Time resting spent in this place.
 E = Time spent auto-exploring this place.
 F = Levels seen in this place.
 G = Mean time per level.
                   A        B        C        D        E       F      G
               +--------+--------+--------+--------+--------+-----+--------+
         Total |   2933 |   2869 |     64 |      0 |   2394 |   3 |  977.7 |
       Dungeon |   2933 |   2869 |     64 |      0 |   2394 |   3 |  977.7 |
               +--------+--------+--------+--------+--------+-----+--------+

Top non-repeatable levels by time:
     D:2: 1720 daAuts
     D:1: 710 daAuts
     D:3: 502 daAuts
